 Dungeon Crawl Stone Soup version 0.24.0-125-gc4c63601f3 (webtiles) character file.

Game seed: 8579675476898246693, levelgen mode: deterministic

99 FishyPogo the Stinger (level 4, 0/30 HPs)
             Began as a Demonspawn Venom Mage on Feb 26, 2020.
             Slain by an orc wizard
             ... wielding a +0 dagger
              (3 damage)
             ... on level 3 of the Dungeon.
             The game lasted 00:05:12 (1766 turns).

FishyPogo the Stinger (Demonspawn Venom Mage)       Turns: 1766, Time: 00:05:13

Health: 0/30       AC:  2    Str:  8    XL:     4   Next: 45%
Magic:  0/7        EV: 12    Int: 18    God:
Gold:   165        SH:  0    Dex: 13    Spells: 2/8 levels left

rFire    . . .     SeeInvis .   d - +0 dagger
rCold    . . .     Gourm    .   (no shield)
rNeg     . . .     Faith    .   a - +0 robe
rPois    .         Spirit   .   (helmet restricted)
rElec    .         Reflect  .   (no cloak)
rCorr    .         Harm     .   (no gloves)
MR       .....                  (no boots)
Stlth    ++........             (no amulet)
HPRegen  0.10/turn              (no ring)
MPRegen  0.10/turn              (no ring)

@: lethally poisoned (0 -> -6)
A: horns 2
a: no special abilities


You were on level 3 of the Dungeon.
You were not hungry.

You visited 1 branch of the dungeon, and saw 3 of its levels.

You collected 165 gold pieces.

Inventory:

Hand Weapons
 d - a +0 dagger (weapon)
Missiles
 g - 137 stones (quivered)
 n - 20 sling bullets
 r - 4 boomerangs
Armour
 a - a +0 robe (worn)
Scrolls
 b - a scroll of identify {unknown}
 h - a scroll of amnesia {unknown}
 i - 2 scrolls of remove curse {unknown}
 k - 4 scrolls of magic mapping {unknown}
 o - a scroll of teleportation {unknown}
 p - a scroll of fear {unknown}
 q - a scroll of enchant armour {unknown}
Potions
 e - 2 potions of curing {unknown}
 f - a potion of haste {unknown}
 l - a potion of lignification {unknown}
 m - a potion of heal wounds {unknown}
 s - a potion of brilliance {unknown}
 t - a potion of agility {unknown}
Comestibles
 c - 4 rations
 j - a chunk of flesh


   Skills:
 + Level 1.2 Short Blades
 - Level 2.0 Dodging
 - Level 2.0 Stealth
 + Level 2.5 Spellcasting
 + Level 1.9 Conjurations
 * Level 4.0 Poison Magic


You had 2 spell levels left.
You knew the following spells:

 Your Spells              Type           Power        Failure   Level  Hunger
a - Sting                 Conj/Pois      ##..         4%          1    #......
b - Poisonous Vapours     Pois/Air       #.....       11%         2    ##.....
c - Mephitic Cloud        Conj/Pois/Air  #.......     22%         3    ###....

Your spell library contained the following spells:

 Spells                   Type           Power        Failure   Level  Hunger
 Olgreb's Toxic Radiance  Pois           ###.....     32%         4    #####..
 Venom Bolt               Conj/Pois      ##........   80%         5    ######.


Dungeon Overview and Level Annotations

Branches:
Dungeon (3/15)

Altars:


Innate Abilities, Weirdness & Mutations

You have a pair of horns on your head.


Message History

The sting hits the adder.
The adder looks even sicker.
You kill the adder!
* * * LOW HITPOINT WARNING * * *
You feel sick.
Casting: Sting (safe; 4% risk of failure)
Confirm with . or Enter, or press ? or * to list all spells.
You don't have enough magic to cast that spell.
You hit the orc wizard.
The orc wizard is moderately wounded.
* * * LOW HITPOINT WARNING * * *
You feel sick.
The orc wizard looks more healthy.
The orc wizard barely misses you.
The orc wizard hits you with a +0 dagger.
* * * LOW HITPOINT WARNING * * *
You miss the orc wizard.
The orc wizard is heavily wounded.
* * * LOW HITPOINT WARNING * * *
You feel sick.
The orc wizard hits you with a +0 dagger.
You die...

..................>........
#.......#.#.................
........#.####..............
..........# #.....#..#.####
.....#.#.####.....#..#.....
.............รท..............
...o#.#o#.####..#..#.###.##.
.......)#.##.......#.# #.##.
....#:##..o@....#.##.# #....
.o..#. #..####..#.##.# ####.
.. . #..# #.......# #. . #..#
##.###..# #. #..# #.#
..######. #..# #.. ........
.... ... ######## .... .....


You could see an orc wizard.

Vanquished Creatures
  Jessica (D:2)
  3 adders
  A worm (D:2)
  3 dart slugs
  2 orcs (D:3)
  2 giant cockroaches
  5 goblins
  A hobgoblin (D:1)
  2 quokkas
  3 bats
  4 frilled lizards
  5 kobolds
  7 rats
39 creatures vanquished.

Notes
Turn   | Place    | Note
-------+----------+-------------------------------------------
     0 | D:1      | FishyPogo the Demonspawn Venom Mage began the quest for the
                  | Orb.
     0 | D:1      | Reached XP level 1. HP: 13/13 MP: 3/3
   231 | D:1      | Gained mutation: You have a pair of small horns on your
                  | head. [demonic ancestry]
   231 | D:1      | Reached XP level 2. HP: 19/19 MP: 0/5
   322 | D:1      | Learned a level 2 spell: Poisonous Vapours
   971 | D:2      | Reached XP level 3. HP: 24/24 MP: 0/6
   976 | D:2      | Learned a level 3 spell: Mephitic Cloud
  1431 | D:2      | Noticed Jessica
  1464 | D:2      | Killed Jessica
  1464 | D:2      | Reached skill level 1 in Short Blades
  1464 | D:2      | Gained mutation: You have a pair of horns on your head.
                  | [demonic ancestry]
  1464 | D:2      | Reached XP level 4. HP: 30/30 MP: 1/7
  1748 | D:3      | Reached skill level 4 in Poison Magic
  1766 | D:3      | Slain by an orc wizard

Levels and vault maps discovered:
D:1:      mrwooster_arrival_statue_2, layout_loops_corners, serial_forest,
          infiniplex_forest_straight_4, infiniplex_forest_join,
          infiniplex_forest_straight_4, infiniplex_forest_lined_room_2,
          infiniplex_forest_straight_2
D:2:      layout_rooms, uniq_jessica
D:3:      layout_basic, first_ration

Skill      XL: |  1  2  3  4 |
---------------+-------------+-----
Stealth        | 2 |  2.0
Dodging        | 2 |  2.0
Short Blades   | 1 |  1.2
Poison Magic   | 4 |  4.0
Spellcasting   | |  2.5
Conjurations   | |  1.9

Action                   |  1- 3 |  4- 6 || total
-------------------------+-------+-------++-------
Melee: Dagger            |    17 |    11 ||    28
       Headbutt          |     1 |     1 ||     2
Throw: Stone             |     4 |       ||     4
 Cast: Sting             |    49 |    14 ||    63
       Poisonous Vapours |    11 |     1 ||    12
       Mephitic Cloud    |     1 |       ||     1
 Stab: Sleeping          |     1 |       ||     1
       Confused          |     1 |       ||     1
  Eat: Chunk             |     3 |     1 ||     4
Armor: Robe              |     1 |       ||     1
Dodge: Dodged            |    14 |     8 ||    22
